AoeStats
← KIM JONG UN

MegaRandom

507738176Analyzed
4v4 RM · 14d ago on Sep 19, 2026· 58m 49s· 8 players
Game mode
Random Map
Map size
Large (8 player)
Population
200
Speed
Normal
Resources
Standard
Victory
Conquest
Starting age
Dark Age
Ending age
Imperial Age
RankedLock teamsTeams togetherTeam positionsShared explorationLock speedFull tech treeHidden civsTurbo modeCheats
Victory
Defeat
🇦🇺 Britons · Australia
1065
+18
🇸🇪 Persians · Sweden
1044
+19
🇹🇼 Spanish · Taiwan
1034
+19
🇦🇺 Franks · Australia
1030
+19
🇯🇵 Maya · Japan
1157
-21
🇰🇷 Spanish · South Korea
1124
-20
🇪🇸 Berbers · Spain
1079
-18
🇬🇧 Persians · United Kingdom
1048
-16
gealoclothing
6:17 Loom
16:14 Feudal Age
21:39 Castle Age
23:06 Double-Bit Axe
24:50 Horse Collar
26:44 Bow Saw
33:40 Fletching
33:50 Padded Archer Armor
36:18 Wheelbarrow
36:14 Heavy Plow
36:28 Bloodlines
36:18 Husbandry
37:47 Light Cavalry
38:29 Husbandry
40:22 Scale Barding Armor
40:27 Forging
41:53 Hand Cart
45:38 Imperial Age
44:08 Scale Mail Armor
44:44 Iron Casting
44:29 Chain Barding Armor
44:48 Padded Archer Armor
46:52 Pikeman
47:32 Squires
47:18 Arson
51:24 Crop Rotation
50:51 Hussar
KIM JONG UN
13:57 Feudal Age
15:48 Loom
16:08 Fletching
16:05 Horse Collar
17:57 Double-Bit Axe
19:31 Stone Mining
21:48 Castle Age
21:23 Padded Archer Armor
21:50 Gold Mining
30:18 Wheelbarrow
30:13 Squires
30:17 Husbandry
32:02 Leather Archer Armor
36:44 Heavy Plow
38:21 Hand Cart
42:19 Imperial Age
41:06 Bodkin Arrow
42:33 Ballistics
44:24 Bracer
47:18 Elite Skirmisher
47:31 Elite Genitour
52:59 Chemistry
52:32 Ring Archer Armor
53:40 Thumb Ring
纸火
3:39 Loom
14:06 Feudal Age
19:10 Castle Age
17:22 Double-Bit Axe
17:18 Horse Collar
21:29 Bow Saw
21:20 Heavy Plow
25:19 Wheelbarrow
24:31 Town Watch
31:11 Gold Mining
35:59 Hand Cart
35:36 Stone Mining
38:57 Stone Shaft Mining
39:47 Fletching
41:42 Pikeman
42:23 Squires
47:22 Imperial Age
45:41 Scale Mail Armor
46:21 Forging
46:33 Arson
46:38 Eagle Warrior
47:50 Chain Mail Armor
48:11 Iron Casting
48:22 Halberdier
52:08 Two-Man Saw
54:38 Blast Furnace
54:11 Plate Mail Armor
54:04 Ballistics
54:55 Chemistry
55:23 Capped Ram
57:22 Blast Furnace
Maximus
3:31 Loom
12:59 Feudal Age
18:43 Castle Age
18:38 Forging
35:34 Crossbowman
38:45 Double-Bit Axe
44:24 Squires
43:59 Pikeman
Hurgha
3:47 Loom
13:43 Feudal Age
14:18 Town Watch
14:24 Double-Bit Axe
14:27 Fishing Lines
20:08 Castle Age
18:06 Fletching
21:22 Wheelbarrow
24:22 Bow Saw
24:35 Gold Mining
25:58 Demolition Ship
27:45 Hand Cart
35:34 Bodkin Arrow
42:04 Imperial Age
41:33 Pikeman
52:18 Two-Man Saw
51:34 Scale Barding Armor
54:48 Thumb Ring
54:41 Elite Skirmisher
yellowpig
4:33 Loom
14:29 Feudal Age
15:10 Double-Bit Axe
15:31 Horse Collar
20:20 Castle Age
18:59 Bloodlines
19:44 Scale Barding Armor
19:53 Forging
21:22 Medium Warships
22:45 Bow Saw
24:03 Husbandry
30:38 Fletching
30:48 Padded Archer Armor
36:51 Imperial Age
35:06 Leather Archer Armor
36:46 Bodkin Arrow
36:16 Light Cavalry
38:08 Conscription
38:21 Caravan
39:33 Ring Archer Armor
40:26 Chain Barding Armor
42:02 Capped Ram
42:31 Pikeman
43:12 Squires
44:04 Bracer
44:40 Plate Barding Armor
44:48 Murder Holes
44:39 Arrowslits
46:16 Siege Ram
49:09 Scale Mail Armor
49:45 Iron Casting
50:59 Elite Skirmisher
53:53 Halberdier
54:20 Cavalier
56:06 Blast Furnace
55:21 Chain Mail Armor
nathan.maloney222
13:43 Feudal Age
11:59 Loom
17:26 Fletching
50:20 Castle Age
54:12 Forging
54:08 Scale Barding Armor
55:28 Bodkin Arrow
Mick The Brick
5:35 Loom
13:59 Feudal Age
14:35 Double-Bit Axe
14:36 Fishing Lines
20:30 Castle Age
21:06 Gillnets
27:31 Scale Mail Armor
27:42 Forging
27:28 Pikeman
28:09 Squires
31:04 Gold Mining
33:45 Chain Mail Armor
36:10 Arson
39:20 Iron Casting
38:40 Fletching
38:51 Padded Archer Armor
46:45 Bodkin Arrow
48:54 Wheelbarrow
52:23 Imperial Age
51:26 Hand Cart
53:17 Bracer
53:48 Plate Mail Armor
53:34 Leather Archer Armor
53:54 Iron Casting
55:59 Conscription
58:00 Husbandry
57:29 Light Cavalry
Connection lost

Rejoining the realm…

Still unreachable

The connection could not be restored.

Session expired

The server has moved on; the page needs a fresh start.